[Event "International chess holiday M11"]
[Site "Praha"]
[Date "2014.07.22"]
[Round "5"]
[White "Kasparov, Sergey"]
[Black "Heissenberger, Andreas"]
[Result "1-0"]
[ECO "B55"]
[WhiteElo "2460"]
[BlackElo "2029"]
[Annotator "Koller,Martin"]
[PlyCount "93"]
[TimeControl "240+2"]

1. e4 c5 2. Nf3 d6 3. d4 cxd4 4. Nxd4 Nf6 5. f3 e5 6. Nb3 d5 7. Bg5 Be6
8. Bxf6 gxf6 9. exd5 Qxd5 10. Qxd5 Bxd5 11. Nc3 Be6 12. O-O-O Nc6 13. Bb5 a6
14. Bxc6+ bxc6 15. Na5 Rc8 16. Nb7 Rc7 17. Nd6+ Ke7 18. g4 Bh6+ 19. Kb1 Rd8 20.
Nf5+ Bxf5 21. gxf5 Rg8 22. Rhg1 Rcc8 23. Ne4 Be3 24. Rge1 Bf4 25. Re2 Rcd8 26.
Rf1 Rd5 27. c3 a5 28. b3 Rd3 29. Kc2 Rgd8 30. h3 Re3 31. Rxe3 Bxe3 32. Rd1 Rg8
33. Rd6 Rg2+ 34. Kd3 Bg5 35. Rxc6 Rxa2 36. Ra6 Rh2 37. Ra7+ Kf8 38. Nxg5 fxg5
39. f6 Ke8 40. Rxa5 Rxh3 41. Rxe5+ Kd8 42. Ke4 Rh4+ 43. Ke3 Rf4 44. Rxg5 Rxf6
45. f4 Ke7 46. b4 Ra6 47. b5 1-0

[Event "International chess holiday M11"]
[Site "Praha"]
[Date "2014.07.22"]
[Round "5"]
[White "Herejk, Petr"]
[Black "Malinarski, Yehuda"]
[Result "0-1"]
[ECO "B81"]
[WhiteElo "2208"]
[BlackElo "2067"]
[Annotator "Koller,Martin"]
[PlyCount "81"]
[TimeControl "240+2"]

1. e4 c5 2. Nf3 e6 3. d4 cxd4 4. Nxd4 Nf6 5. Nc3 d6 6. g4 h6 7. h4 Nc6
8. Rg1 d5 9. Nxc6 bxc6 10. g5 hxg5 11. hxg5 Nxe4 12. Nxe4 dxe4 13. Qxd8+ Kxd8
14. Be3 Bd6 15. O-O-O Ke7 16. Rg4 c5 17. Bg2 Bb7 18. Bxe4 Bxe4 19. Rxe4 f5 20.
gxf6+ gxf6 21. Rg4 Rhg8 22. Rdg1 Rxg4 23. Rxg4 e5 24. Kd2 Ke6 25. Ra4 a5 26.
Kd3 Kd5 27. Bd2 Bc7 28. b3 f5 29. Rh4 e4+ 30. Ke2 c4 31. Rh7 Bd6 32. bxc4+ Kxc4
33. Rf7 Rf8 34. Rxf8 Bxf8 35. Bxa5 necitelne 0-1

[Event "International chess holiday M11"]
[Site "Praha"]
[Date "2014.07.22"]
[Round "5"]
[White "Hirn, Oskar"]
[Black "Linder, Oliver"]
[Result "1-0"]
[ECO "E11"]
[WhiteElo "2219"]
[BlackElo "1994"]
[Annotator "Koller,Martin"]
[PlyCount "115"]
[TimeControl "240+2"]

1. d4 e6 2. c4 Bb4+ 3. Nd2 d5 4. a3 Be7 5. g3 Nf6 6. Bg2 O-O 7. Ngf3 b6
8. O-O Bb7 9. Qc2 Nbd7 10. Rd1 c5 11. dxc5 bxc5 12. cxd5 exd5 13. Nh4 Re8 14.
Nf5 Bf8 15. Nc4 Nb6 16. Nxb6 Qxb6 17. Bg5 Ne4 18. Bf4 Rad8 19. Ne3 d4 20. Nc4
Qf6 21. Nd2 Qe7 22. Nxe4 Bxe4 23. Bxe4 Qxe4 24. Qxe4 Rxe4 25. Kf1 h6 26. h4 Bd6
27. Bxd6 Rxd6 28. Rac1 Re5 29. Rc4 Rb6 30. b4 cxb4 31. axb4 a5 32. bxa5 Rxa5
33. Rcxd4 h5 34. R1d3 Rf6 35. Re4 g6 36. Kg2 Ra2 37. Rd5 Kg7 38. Re7 Raa6 39.
Rdd7 Rab6 40. f4 Rbe6 41. Kf3 Rxe7 42. Rxe7 Ra6 43. g4 Kf6 44. Re5 hxg4+ 45.
Kxg4 Ra1 46. h5 Rg1+ 47. Kf3 gxh5 48. Rxh5 Rf1+ 49. Ke4 Ra1 50. Rh6+ Ke7 51.
Rb6 Ra4+ 52. Kf5 Ra5+ 53. Kg4 Ra4 54. Kf3 Ra3+ 55. e3 Rc3 56. f5 Rc1 57. Kf4 f6
58. Rb7+ 1-0

[Event "International chess holiday M11"]
[Site "Praha"]
[Date "2014.07.22"]
[Round "5"]
[White "Knoflicek, Ctibor"]
[Black "Hentzgen, Thomas"]
[Result "1/2-1/2"]
[ECO "B48"]
[WhiteElo "2183"]
[BlackElo "2050"]
[Annotator "Koller,Martin"]
[PlyCount "29"]
[TimeControl "240+2"]

1. e4 c5 2. Nf3 e6 3. d4 cxd4 4. Nxd4 Nc6 5. Nc3 Qc7 6. Be3 a6 7. Qd2
Nf6 8. O-O-O Bb4 9. f3 Ne5 10. Nb3 O-O 11. Qd4 Nc6 12. Qb6 Qxb6 13. Bxb6 Bxc3
14. bxc3 d5 15. Nc5 1/2-1/2

[Event "International chess holiday M11"]
[Site "Praha"]
[Date "2014.07.22"]
[Round "5"]
[White "Krivanek, Vladimir"]
[Black "Sisak, Richard"]
[Result "1/2-1/2"]
[ECO "B07"]
[WhiteElo "2183"]
[BlackElo "2017"]
[Annotator "Koller,Martin"]
[PlyCount "66"]
[TimeControl "240+2"]

1. e4 d6 2. Nc3 Nf6 3. Bc4 c6 4. d3 d5 5. exd5 cxd5 6. Bb3 Bg4 7. Nf3
e6 8. h3 Bxf3 9. Qxf3 Be7 10. d4 Nc6 11. Be3 a6 12. g4 b5 13. g5 Nd7 14. Nxd5
Rc8 15. Nxe7 Qxe7 16. O-O-O Na5 17. Kb1 Nxb3 18. cxb3 Nb6 19. Rc1 O-O 20. Rc6
Qb7 21. Rhc1 Nd5 22. Rxc8 Nc3+ 23. bxc3 Qxf3 24. Rc7 Rd8 25. c4 bxc4 26. R1xc4
h5 27. gxh6 gxh6 28. d5 h5 29. Rf4 Qd1+ 30. Kb2 Qxd5 31. Rfxf7 Qe5+ 32. Ka3
Qa5+ 33. Kb2 Qe5+ 1/2-1/2

[Event "International chess holiday K11"]
[Site "Praha"]
[Date "2014.07.22"]
[Round "5"]
[White "Korth, Manfred"]
[Black "Hanl, Frantisek"]
[Result "1-0"]
[ECO "A04"]
[WhiteElo "1908"]
[BlackElo "1958"]
[Annotator "Koller,Martin"]
[PlyCount "49"]
[TimeControl "240+2"]

1. Nf3 f5 2. d3 Nf6 3. Nbd2 d6 4. c3 e5 5. e4 Nc6 6. Be2 Be7 7. O-O O-O
8. b4 Be6 9. Ng5 Bc8 10. exf5 Bxf5 11. Qb3+ d5 12. f4 Ng4 13. Ndf3 h6 14. Ne4
Kh8 15. Ng3 exf4 16. Nxf5 Rxf5 17. b5 Nce5 18. Nd4 Bc5 19. Bxf4 Rxf4 20. Rxf4
Qg5 21. Raf1 Ne3 22. R1f2 Nxg2 23. Rf5 Qg6 24. Bh5 Nf3+ 25. R2xf3 1-0

[Event "International chess holiday K11"]
[Site "Praha"]
[Date "2014.07.22"]
[Round "5"]
[White "Pokorny, Jan"]
[Black "Pommrich, Rainer"]
[Result "1/2-1/2"]
[ECO "D35"]
[WhiteElo "1882"]
[BlackElo "2003"]
[Annotator "Koller,Martin"]
[PlyCount "25"]
[TimeControl "240+2"]

1. Nf3 Nf6 2. d4 e6 3. c4 d5 4. e3 Be7 5. Nc3 O-O 6. cxd5 exd5 7. Bd3
Nbd7 8. O-O c6 9. Qc2 Bd6 10. e4 dxe4 11. Nxe4 Nxe4 12. Bxe4 Nf6 13. Bf5
1/2-1/2

[Event "International chess holiday K11"]
[Site "Praha"]
[Date "2014.07.22"]
[Round "5"]
[White "Rull, Michael"]
[Black "Kasparova, Tatiana"]
[Result "0-1"]
[ECO "A00"]
[WhiteElo "1812"]
[BlackElo "2132"]
[Annotator "Koller,Martin"]
[PlyCount "50"]
[TimeControl "240+2"]

1. e4 c6 2. d3 d5 3. Nd2 dxe4 4. dxe4 e5 5. Ngf3 Bc5 6. g3 Nf6 7. Bg2
O-O 8. O-O Qc7 9. Qe2 b5 10. c4 a5 11. cxb5 cxb5 12. Nb3 Bd6 13. Bg5 Nbd7 14.
Rac1 Qb8 15. Rfd1 a4 16. Bxf6 axb3 17. Bxg7 Kxg7 18. Nh4 Nf6 19. Rxc8 Qxc8 20.
Nf5+ Kh8 21. Nxd6 Qc2 22. Qf3 Qxd1+ 23. Qxd1 bxa2 24. Qf3 a1=Q+ 25. Bf1 Nd7 0-1

[Event "International chess holiday K12"]
[Site "Praha"]
[Date "2014.07.22"]
[Round "5"]
[White "Cisarik, Pavol"]
[Black "Hadzala, Daniel"]
[Result "0-1"]
[ECO "B07"]
[WhiteElo "1792"]
[BlackElo "2070"]
[Annotator "Koller,Martin"]
[PlyCount "120"]
[TimeControl "240+2"]

1. e4 d6 2. d4 Nf6 3. Nc3 c6 4. f4 Qa5 5. Bd3 e5 6. fxe5 dxe5 7. dxe5
Ng4 8. Nf3 Bc5 9. Rf1 Ne3 10. Bxe3 Bxe3 11. Nd2 Bxd2+ 12. Qxd2 Qxe5 13. O-O-O
O-O 14. Bc4 Nd7 15. Qd6 Qg5+ 16. Kb1 Ne5 17. Bb3 Bg4 18. Rde1 Rad8 19. Qc5 b6
20. Qe3 Qxe3 21. Rxe3 Rd2 22. h3 Bc8 23. Rg3 h6 24. Kc1 Rd4 25. Re3 Rfd8 26.
Rd1 Rxd1+ 27. Nxd1 Kf8 28. Nf2 Ke7 29. Nd3 Nxd3+ 30. Rxd3 Rxd3 31. cxd3 c5 32.
Kd2 f6 33. a3 Kd6 34. Ke3 Ke5 35. Bf7 Bb7 36. Bg6 b5 37. Bh7 a5 38. Bg6 Bc6 39.
g3 Bd7 40. g4 Be6 41. Be8 b4 42. axb4 cxb4 43. d4+ Kd6 44. d5 Bc8 45. Bb5 Kc5
46. Ba4 g5 47. b3 Ba6 48. Kf2 Kd6 49. Be8 Ke5 50. Bg6 a4 51. bxa4 b3 52. d6
Kxd6 53. e5+ fxe5 54. Ke3 Bf1 55. Kd2 Bxh3 56. Bf5 h5 57. Kc3 Bxg4 58. Be4 Be6
59. a5 Kc5 60. a6 Kb6 0-1

[Event "International chess holiday K12"]
[Site "Praha"]
[Date "2014.07.22"]
[Round "5"]
[White "Muller, Jorg"]
[Black "Franek, Jan"]
[Result "0-1"]
[ECO "A84"]
[WhiteElo "1900"]
[BlackElo "1999"]
[Annotator "Koller,Martin"]
[PlyCount "34"]
[TimeControl "240+2"]

1. d4 f5 2. c4 e6 3. f4 d5 4. e3 Nf6 5. a3 c6 6. Qc2 Be7 7. Nd2 O-O 8.
Be2 Nbd7 9. Ngf3 Ne4 10. b4 g5 11. Ne5 g4 12. Bf1 Nxe5 13. dxe5 Qc7 necitelne 0-1

[Event "International chess holiday K12"]
[Site "Praha"]
[Date "2014.07.22"]
[Round "5"]
[White "Plesnik, Miroslav"]
[Black "Spindler, Markus"]
[Result "0-1"]
[ECO "A85"]
[WhiteElo "1863"]
[BlackElo "2049"]
[Annotator "Koller,Martin"]
[PlyCount "87"]
[TimeControl "240+2"]

1. d4 d5 2. Nf3 e6 3. c4 f5 4. Nc3 Nf6 5. e3 c6 6. Be2 Bd6 7. O-O O-O
8. b3 Qe8 9. Bb2 Nbd7 10. Qc2 h6 11. cxd5 exd5 12. Rae1 Ne4 13. Nd2 Ndf6 14. f3
Qh5 15. f4 Qg6 16. Nf3 Ng4 17. Qc1 Bd7 18. Nxe4 fxe4 19. Ne5 Nxe5 20. dxe5 Be7
21. Ba3 Bh3 22. g3 Bxa3 23. Qxa3 Bxf1 24. Rxf1 Qe6 25. Qb4 Rf7 26. Kg2 Rd8 27.
h3 Qe7 28. Qa5 b6 29. Qc3 c5 30. Qc2 Qb7 31. Bg4 Kh8 32. e6 Rf6 33. Rd1 h5 34.
Bxh5 Rxe6 35. Qe2 Qe7 36. f5 Red6 37. Qg4 Rh6 38. Bg6 d4 39. Qf4 d3 40. h4 Rd6
41. h5 Rd8 42. g4 Qh4 43. Qxe4 d2 44. Rxd2 0-1

[Event "International chess holiday K12"]
[Site "Praha"]
[Date "2014.07.22"]
[Round "5"]
[White "Trebbin Dr., Wolfhard"]
[Black "Taylor, Robert"]
[Result "1/2-1/2"]
[ECO "D78"]
[WhiteElo "1961"]
[BlackElo "1914"]
[Annotator "Koller,Martin"]
[PlyCount "29"]
[TimeControl "240+2"]

1. d4 d5 2. Nf3 Nf6 3. g3 g6 4. Bg2 Bg7 5. O-O O-O 6. c4 c6 7. Nc3 h6
8. Ne5 e6 9. Rb1 Nbd7 10. cxd5 exd5 11. Bf4 Nh5 12. Be3 Nxe5 13. dxe5 Bxe5 14.
Bxh6 Bg7 15. Qd2 1/2-1/2

[Event "International chess holiday M11"]
[Site "Praha"]
[Date "2014.07.23"]
[Round "6"]
[White "Hentzgen, Thomas"]
[Black "Kasparov, Sergey"]
[Result "0-1"]
[ECO "A03"]
[WhiteElo "2050"]
[BlackElo "2460"]
[Annotator "Koller,Martin"]
[PlyCount "70"]
[TimeControl "240+2"]

1. f4 d5 2. Nf3 Nf6 3. g3 g6 4. Bg2 Bg7 5. O-O O-O 6. d3 b6 7. Qe1 Bb7
8. h3 c5 9. g4 Qc7 10. e3 Nbd7 11. Qh4 e6 12. Nc3 a6 13. Ne2 c4 14. Ng3 cxd3
15. cxd3 Nc5 16. g5 Ne8 17. d4 Ne4 18. Nxe4 dxe4 19. Ne5 Nd6 20. Qg4 Nf5 21. h4
Rac8 22. h5 Qe7 23. Re1 Rc2 24. Bf1 Rfc8 25. Qd1 Bxe5 26. dxe5 Nh4 27. Be2 Nf3+
28. Bxf3 exf3 29. Rf1 Rg2+ 30. Kh1 f2 31. Qe2 Rxg5+ 32. e4 Rxh5+ 33. Kg2 Qh4
34. Rxf2 Qh1+ 35. Kg3 Qh3# 0-1

[Event "International chess holiday M11"]
[Site "Praha"]
[Date "2014.07.23"]
[Round "6"]
[White "Krivanek, Vladimir"]
[Black "Hirn, Oskar"]
[Result "0-1"]
[ECO "C31"]
[WhiteElo "2188"]
[BlackElo "2219"]
[Annotator "Koller,Martin"]
[PlyCount "48"]
[TimeControl "240+2"]

1. e4 e5 2. f4 d5 3. Nc3 dxe4 4. Nxe4 Nf6 5. Qe2 Nc6 6. Nf3 Bg4 7.
Nxf6+ gxf6 8. c3 Bh6 9. h3 Bxf3 10. Qxf3 Bxf4 11. Bb5 Qd6 12. g3 Bh6 13. Rf1
O-O-O 14. d3 Bxc1 15. Rxc1 e4 16. Qxf6 Qxg3+ 17. Qf2 Qxh3 18. Bxc6 exd3 19. Kd2
Qh6+ 20. Qf4 Qxc6 21. Qxf7 Rhe8 22. Rf2 Qh6+ 23. Kd1 Re1+ 24. Kxe1 Qxc1# 0-1

[Event "International chess holiday M11"]
[Site "Praha"]
[Date "2014.07.23"]
[Round "6"]
[White "Linder, Oliver"]
[Black "Herejk, Petr"]
[Result "0-1"]
[ECO "A48"]
[WhiteElo "1994"]
[BlackElo "2208"]
[Annotator "Koller,Martin"]
[PlyCount "70"]
[TimeControl "240+2"]

1. d4 Nf6 2. Nf3 g6 3. Bf4 Bg7 4. e3 O-O 5. h3 d6 6. Be2 Nbd7 7. O-O c5
8. c3 b6 9. Nbd2 Bb7 10. a4 Rc8 11. a5 cxd4 12. exd4 Nd5 13. Bh2 Bh6 14. axb6
axb6 15. Ba6 Qc7 16. Bxb7 Qxb7 17. Re1 N7f6 18. Qe2 Rfe8 19. Ne4 Rb8 20. Nxf6+
Nxf6 21. Qb5 Ra8 22. b4 Rxa1 23. Rxa1 Ra8 24. Rxa8+ Qxa8 25. Bg3 Ne4 26. Bh4
Qa1+ 27. Kh2 Bf4+ 28. Bg3 Nxf2 29. Bxf4 Qh1+ 30. Kg3 Ne4+ 31. Kh4 Qxg2 32. Qe8+
Kg7 33. Bh6+ Kf6 34. Bg5+ Nxg5 35. Qh8+ Kf5 0-1

[Event "International chess holiday M11"]
[Site "Praha"]
[Date "2014.07.23"]
[Round "6"]
[White "Malinarski, Yehuda"]
[Black "Knoflicek, Ctibor"]
[Result "1/2-1/2"]
[ECO "C45"]
[WhiteElo "2067"]
[BlackElo "2183"]
[Annotator "Koller,Martin"]
[PlyCount "53"]
[TimeControl "240+2"]

1. e4 e5 2. Nf3 Nc6 3. d4 exd4 4. Nxd4 Bc5 5. Be3 Qf6 6. Nb5 Bxe3 7.
fxe3 Qh4+ 8. g3 Qd8 9. Qg4 g6 10. Qf4 d6 11. Bc4 Ne5 12. O-O Qe7 13. N1c3 g5
14. Qf2 c6 15. Bxf7+ Kd7 16. Nd4 Nh6 17. Be6+ Kc7 18. Bxc8 Raxc8 19. h3 g4 20.
h4 Nf3+ 21. Nxf3 Rcf8 22. Qg2 gxf3 23. Rxf3 Rxf3 24. Qxf3 Rf8 25. Qe2 Rg8 26.
Qf3 Rf8 27. Qe2 1/2-1/2

[Event "International chess holiday M11"]
[Site "Praha"]
[Date "2014.07.23"]
[Round "6"]
[White "Sisak, Richard"]
[Black "Heissenberger, Andreas"]
[Result "1/2-1/2"]
[ECO "A48"]
[WhiteElo "2017"]
[BlackElo "2027"]
[Annotator "Koller,Martin"]
[PlyCount "79"]
[TimeControl "240+2"]

1. d4 Nf6 2. Bf4 g6 3. e3 Bg7 4. Nf3 O-O 5. h3 d6 6. Be2 Nbd7 7. O-O
Re8 8. c4 c5 9. Nc3 b6 10. Bh2 Bb7 11. d5 Rf8 12. Qd2 a6 13. a4 Ne8 14. e4 Nc7
15. Bf4 b5 16. axb5 axb5 17. cxb5 Nb6 18. Nh2 Qd7 19. Bh6 Rfb8 20. Bxg7 Kxg7
21. b3 Qe8 22. Ng4 Bc8 23. Bc4 f6 24. f4 h5 25. Ne3 Bd7 26. Qe2 Rxa1 27. Rxa1
Ra8 28. Na4 Nxa4 29. Rxa4 Rb8 30. e5 Nxb5 31. exf6+ exf6 32. Bxb5 Rxb5 33. Ra7
Kh6 34. Qd2 Rxb3 35. Nc4 Bxh3 36. f5+ g5 37. Nxd6 Rb1+ 38. Kf2 Qb8 39. Nf7+ Kg7
40. Ra2 1/2-1/2

[Event "International chess holiday K11"]
[Site "Praha"]
[Date "2014.07.23"]
[Round "6"]
[White "Fiala, Jan"]
[Black "Novak, Jindrich"]
[Result "0-1"]
[ECO "A00"]
[WhiteElo "1952"]
[BlackElo "2077"]
[Annotator "Koller,Martin"]
[PlyCount "94"]
[TimeControl "240+2"]

1. a3 g5 2. d4 Bg7 3. e4 d5 4. e5 g4 5. Bg5 c5 6. Bb5+ Kf8 7. Nc3 c4 8.
Nge2 a6 9. Ba4 b5 10. Bxb5 axb5 11. Nxb5 Qa5+ 12. Nbc3 Na6 13. O-O Nc7 14. Qd2
Qb6 15. Rfb1 Bh6 16. b4 Bxg5 17. Qxg5 Qh6 18. Qxh6+ Nxh6 19. b5 Bb7 20. b6 Ne6
21. Nb5 Nf5 22. a4 Ra5 23. c3 Kg7 24. Rb4 Rha8 25. Na7 Nd8 26. Nf4 Kh6 27. h3
e6 28. hxg4 Ne7 29. g3 Ndc6 30. Nxc6 Nxc6 31. Rbb1 Rxa4 32. Rxa4 Rxa4 33. Kg2
Kg7 34. Nh5+ Kf8 35. Nf6 Ra2 36. Rh1 Nxe5 37. Rxh7 Nd3 38. g5 Rxf2+ 39. Kg1 Ke7
40. Rh8 Kd6 41. Rf8 Rf3 42. Kh2 e5 43. dxe5+ Nxe5 44. Rd8+ Kc6 45. Nxd5 Kc5 46.
Nf4 Rxc3 47. Re8 Nf3+ 0-1

[Event "International chess holiday K11"]
[Site "Praha"]
[Date "2014.07.23"]
[Round "6"]
[White "Hanl, Frantisek"]
[Black "Rull, Michael"]
[Result "0-1"]
[ECO "B22"]
[WhiteElo "1958"]
[BlackElo "1812"]
[Annotator "Koller,Martin"]
[PlyCount "66"]
[TimeControl "240+2"]

1. e4 c5 2. Nf3 Nc6 3. c3 Nf6 4. e5 Nd5 5. d4 cxd4 6. cxd4 d6 7. exd6
e6 8. Nc3 Bxd6 9. Bd3 Nf4 10. O-O Nxd3 11. Qxd3 O-O 12. Ng5 g6 13. Qh3 h5 14.
Qh4 Nxd4 15. Rd1 e5 16. h3 Be7 17. Be3 Bxh3 18. gxh3 Bxg5 19. Bxg5 Qxg5+ 20.
Qxg5 Nf3+ 21. Kg2 Nxg5 22. Rd7 Rfd8 23. Rxb7 Rdb8 24. Re7 Rxb2 25. Rxe5 Ne6 26.
Ne4 Rc8 27. a4 Rcc2 28. Rf1 Rb3 29. Nf6+ Kg7 30. Nd5 Rc5 31. f4 Rd3 32. Nb4
Nxf4+ 33. Rxf4 Rd2+ 0-1

[Event "International chess holiday K11"]
[Site "Praha"]
[Date "2014.07.23"]
[Round "6"]
[White "Kasparova, Tatiana"]
[Black "Vystrcil, Martin"]
[Result "1-0"]
[ECO "B07"]
[WhiteElo "2132"]
[BlackElo "1788"]
[Annotator "Koller,Martin"]
[PlyCount "141"]
[TimeControl "240+2"]

1. d4 Nf6 2. Nf3 g6 3. g3 Bg7 4. Bg2 O-O 5. O-O d6 6. Re1 Nbd7 7. e4 e5
8. Nc3 b6 9. a4 a5 10. h3 Bb7 11. d5 h6 12. Nh2 Ne8 13. Be3 Kh7 14. Qd2 Nef6
15. g4 Ng8 16. Nf1 Bf6 17. Ng3 Bg5 18. Nb5 Ba6 19. Bxg5 hxg5 20. Nc3 f6 21. Bf1
Ne7 22. Bxa6 Rxa6 23. Nb5 Qb8 24. c3 Qb7 25. Qd3 Rfa8 26. Kg2 Kg7 27. Rh1 Nc5
28. Qc4 Rc8 29. Rad1 Raa8 30. Ra1 Ra6 31. Ra3 Rca8 32. Rha1 Rc8 33. Rd1 Raa8
34. Qa2 Ra6 35. b4 Nd7 36. Qc4 Raa8 37. Raa1 Ra6 38. Qb3 Raa8 39. Na3 Kf7 40.
Nb5 Kg7 41. Qc2 Ra6 42. Nf1 Raa8 43. Ne3 Ra6 44. Qd3 Rca8 45. Qc4 Rc8 46. Rdb1
Raa8 47. Qe2 Ra6 48. Nc4 axb4 49. cxb4 Rca8 50. Qc2 f5 51. Ne3 fxe4 52. Qxc7
R6a7 53. Qxb7 Rxb7 54. Nxd6 Rba7 55. a5 bxa5 56. bxa5 Nf6 57. Rb5 Rd7 58. Ndc4
Nfxd5 59. a6 Nf4+ 60. Kh2 Rda7 61. Rb6 Ned5 62. Nxd5 Nxd5 63. Rb7+ Rxb7 64.
axb7 Rb8 65. Nd6 Ne7 66. Rc1 Kh7 67. Rc7 e3 68. Rxe7+ Kh6 69. fxe3 e4 70. Rxe4
Rd8 71. Nf7+ 1-0

[Event "International chess holiday K11"]
[Site "Praha"]
[Date "2014.07.23"]
[Round "6"]
[White "Pokorny, Jan"]
[Black "Korth, Manfred"]
[Result "1-0"]
[ECO "A41"]
[WhiteElo "1882"]
[BlackElo "1908"]
[Annotator "Koller,Martin"]
[PlyCount "37"]
[TimeControl "240+2"]

1. Nf3 d6 2. d4 Bg4 3. Bf4 Bxf3 4. gxf3 g6 5. e4 Bg7 6. c3 Nd7 7. h4 h5
8. Na3 c6 9. Bh3 e5 10. Bg5 Bf6 11. Qd2 exd4 12. Bxd7+ Qxd7 13. Bxf6 Nxf6 14.
Qxd4 Ke7 15. O-O-O Rhd8 16. e5 Ne8 17. exd6+ Qxd6 18. Rhe1+ Kd7 19. Qb4 1-0

[Event "International chess holiday K11"]
[Site "Praha"]
[Date "2014.07.23"]
[Round "6"]
[White "Pommrich, Rainer"]
[Black "Schaefer, Martin"]
[Result "1/2-1/2"]
[ECO "B32"]
[WhiteElo "2003"]
[BlackElo "1959"]
[Annotator "Koller,Martin"]
[PlyCount "33"]
[TimeControl "240+2"]

1. e4 c5 2. Nf3 Nc6 3. d4 cxd4 4. Nxd4 e5 5. Nb5 d6 6. N1c3 a6 7. Na3
b5 8. Nd5 Nge7 9. Bg5 Nd4 10. c3 Ne6 11. Bh4 Rb8 12. Nc2 Nc5 13. f3 Be6 14.
Nce3 Qd7 15. Be2 Qb7 16. O-O Bxd5 17. exd5 1/2-1/2

[Event "International chess holiday K12"]
[Site "Praha"]
[Date "2014.07.23"]
[Round "6"]
[White "Franek, Jan"]
[Black "Cisarik, Pavol"]
[Result "1/2-1/2"]
[ECO "C71"]
[WhiteElo "1999"]
[BlackElo "1792"]
[Annotator "Koller,Martin"]
[PlyCount "117"]
[TimeControl "240+2"]

1. e4 e5 2. Nf3 Nc6 3. Bb5 a6 4. Ba4 d6 5. d4 b5 6. Bb3 Nxd4 7. Nxd4
exd4 8. c3 dxc3 9. Qh5 Qd7 10. Nxc3 Nf6 11. Qg5 Bb7 12. O-O h6 13. Qg3 Qg4 14.
Qxg4 Nxg4 15. Nd5 O-O-O 16. Bd2 Bxd5 17. Bxd5 Nf6 18. Bxf7 Nxe4 19. Ba5 Ng5 20.
Bd5 Be7 21. Rac1 c5 22. Bxd8 Rxd8 23. f4 Nh7 24. b4 c4 25. a4 Nf6 26. Bc6 d5
27. axb5 axb5 28. Bxb5 Bxb4 29. Kh1 Bd2 30. Rc2 c3 31. Ra1 Kc7 32. Bd3 Ng4 33.
Ra3 d4 34. Kg1 Be3+ 35. Kf1 Nxh2+ 36. Ke2 Bxf4 37. Rca2 Rb8 38. Ra7+ Rb7 39.
Be4 Rxa7 40. Rxa7+ Kb6 41. Rxg7 Kc5 42. Bd3 Kd5 43. Rd7+ Kc5 44. Rg7 Be3 45.
Kd1 Kd5 46. Kc2 Ke5 47. Be2 Kf6 48. Rg3 Kf5 49. Kd3 Kf4 50. Rh3 Ng4 51. Rh4 h5
52. Rxh5 Nf2+ 53. Kc2 Ne4 54. Rh4+ Ke5 55. g4 Ng5 56. Kd3 Kf4 57. Rh8 Ne6 58.
Re8 Nc5+ 59. Kc2 1/2-1/2

[Event "International chess holiday K12"]
[Site "Praha"]
[Date "2014.07.23"]
[Round "6"]
[White "Hadzala, Daniel"]
[Black "Trebbin Dr., Wolfhard"]
[Result "1-0"]
[ECO "C00"]
[WhiteElo "2070"]
[BlackElo "1961"]
[Annotator "Koller,Martin"]
[PlyCount "49"]
[TimeControl "240+2"]

1. Nf3 Nf6 2. g3 d5 3. Bg2 e6 4. d3 Be7 5. O-O O-O 6. Nbd2 c5 7. e4 Nc6
8. e5 Nd7 9. Re1 Qc7 10. Qe2 b6 11. h4 Bb7 12. Nf1 Rac8 13. Bf4 Nd4 14. Nxd4
cxd4 15. Rec1 Nc5 16. Nh2 Qd8 17. Nf3 Na4 18. Rab1 Bc5 19. Bh3 Rc7 20. h5 h6
21. g4 a5 22. g5 hxg5 23. Bxg5 Be7 24. Bf4 Bc5 25. Kh2 1-0

[Event "International chess holiday K12"]
[Site "Praha"]
[Date "2014.07.23"]
[Round "6"]
[White "Plesnik, Miroslav"]
[Black "Muller, Jorg"]
[Result "1-0"]
[ECO "E20"]
[WhiteElo "1863"]
[BlackElo "1900"]
[Annotator "Koller,Martin"]
[PlyCount "83"]
[TimeControl "240+2"]

1. d4 e6 2. c4 Nf6 3. Nc3 c6 4. a3 h6 5. Nf3 b6 6. e4 d6 7. Bd3 Be7 8.
O-O Nbd7 9. Qe2 e5 10. dxe5 Nxe5 11. Bf4 Qc7 12. Nd4 g6 13. h3 a6 14. Bh2 c5
15. Nc2 O-O 16. f4 Nxd3 17. Qxd3 Rd8 18. Qe3 Bb7 19. e5 Qc6 20. Rf2 Ne4 21. Nd5
Bh4 22. g3 Nxf2 23. gxh4 Nxh3+ 24. Qxh3 Kg7 25. f5 b5 26. b3 dxe5 27. Bxe5+ Kf8
28. Nce3 Re8 29. Qg3 h5 30. fxg6 Qxg6 31. Qxg6 fxg6 32. Rf1+ Kg8 33. Nf6+ Kf7
34. Nxe8+ Kxe8 35. Bd6 Kd7 36. Bxc5 Be4 37. Rf4 Bb1 38. Kf2 Ke6 39. Bd4 bxc4
40. bxc4 Ke7 41. Nd5+ Kd6 42. Rf6+ 1-0

[Event "International chess holiday K12"]
[Site "Praha"]
[Date "2014.07.23"]
[Round "6"]
[White "Spindler, Markus"]
[Black "Plesnivy, Martin"]
[Result "1-0"]
[ECO "C57"]
[WhiteElo "2049"]
[BlackElo "1799"]
[Annotator "Koller,Martin"]
[PlyCount "143"]
[TimeControl "240+2"]

1. e4 e5 2. Nf3 Nc6 3. Bc4 Nf6 4. Ng5 Bc5 5. Bxf7+ Ke7 6. Bd5 Qf8 7.
O-O d6 8. Nf3 Bg4 9. h3 Bh5 10. Bxc6 bxc6 11. d3 d5 12. Bg5 h6 13. Bxf6+ Qxf6
14. Nbd2 g5 15. Qe1 Bd6 16. d4 Bxf3 17. Nxf3 Qf4 18. dxe5 Bc5 19. exd5 cxd5 20.
Qd2 Qf7 21. Rad1 Rad8 22. Nd4 Bxd4 23. Qxd4 Qf5 24. Qc5+ Ke6 25. Qc6+ Ke7 26.
Qxc7+ Qd7 27. Qxd7+ Rxd7 28. Rd3 d4 29. Rfd1 Rd5 30. Rxd4 Rxe5 31. Rd7+ Kf6 32.
g4 Rc8 33. R1d6+ Re6 34. Rxe6+ Kxe6 35. Rxa7 Rxc2 36. Rb7 Ke5 37. Rb4 Rc1+ 38.
Kg2 Ra1 39. a3 Ra2 40. Kg3 Ra1 41. a4 Ra2 42. h4 Ra1 43. h5 Kf6 44. b3 Ra3 45.
Rb5 Ra1 46. Rb6+ Kg7 47. Kf3 Ra3 48. Ke4 Ra2 49. f3 Re2+ 50. Kd3 Rf2 51. Ke3
Ra2 52. f4 Rg2 53. Kf3 Rg1 54. fxg5 hxg5 55. Rg6+ Kh7 56. Rxg5 Rf1+ 57. Ke3 Rb1
58. Rb5 Rg1 59. Kf4 Rf1+ 60. Kg5 Rf7 61. h6 Rf8 62. Rb7+ Kg8 63. a5 Kh8 64. a6
Ra8 65. a7 Rg8+ 66. Kh5 Rf8 67. Rb8 Kh7 68. Kh4 Rf6 69. a8=Q Rxh6+ 70. Kg3 Rg6
71. Rh8+ Kg7 72. Qf8# 1-0

[Event "International chess holiday K12"]
[Site "Praha"]
[Date "2014.07.23"]
[Round "6"]
[White "Taylor, Robert"]
[Black "Vavrinec, Tomas"]
[Result "1/2-1/2"]
[ECO "A05"]
[WhiteElo "1914"]
[BlackElo "2011"]
[Annotator "Koller,Martin"]
[PlyCount "68"]
[TimeControl "240+2"]

1. Nf3 Nf6 2. g3 g6 3. Bg2 Bg7 4. O-O O-O 5. d3 c5 6. e4 Nc6 7. c3 d6
8. h3 Rb8 9. Be3 b5 10. Qd2 Re8 11. Nh2 b4 12. f4 Bb7 13. g4 a5 14. g5 Nd7 15.
Ng4 Rf8 16. d4 cxd4 17. cxd4 a4 18. d5 Na5 19. Bd4 Bxd4+ 20. Qxd4 f6 21. Nd2
Qb6 22. Nf3 Qxd4+ 23. Nxd4 Rfc8 24. f5 Rc4 25. Ne6 Kf7 26. Ne3 Rcc8 27. Rf4 Nc4
28. Ng4 Nce5 29. Raf1 Ba6 30. Nh6+ Ke8 31. fxg6 hxg6 32. Ng7+ Kd8 33. Ne6+ Ke8
34. Ng7+ Kd8 1/2-1/2

[Event "International chess holiday M11"]
[Site "Praha"]
[Date "2014.07.24"]
[Round "7"]
[White "Heissenberger, Andreas"]
[Black "Hentzgen, Thomas"]
[Result "1/2-1/2"]
[ECO "B30"]
[WhiteElo "2029"]
[BlackElo "2050"]
[Annotator "Koller,Martin"]
[PlyCount "35"]
[TimeControl "240+2"]

1. e4 c5 2. Nf3 e6 3. g3 Nc6 4. Bg2 d6 5. O-O Nf6 6. d3 Be7 7. c3 O-O
8. Qe2 d5 9. e5 Nd7 10. d4 b6 11. Qe3 Ba6 12. Rd1 Rc8 13. Bf1 cxd4 14. cxd4
Bxf1 15. Kxf1 Nb4 16. Na3 Nb8 17. h4 Qd7 18. Ne1 1/2-1/2

[Event "International chess holiday M11"]
[Site "Praha"]
[Date "2014.07.24"]
[Round "7"]
[White "Knoflicek, Ctibor"]
[Black "Linder, Oliver"]
[Result "1-0"]
[ECO "D85"]
[WhiteElo "2183"]
[BlackElo "1994"]
[Annotator "Koller,Martin"]
[PlyCount "33"]
[TimeControl "240+2"]

1. Nf3 Nf6 2. c4 c5 3. Nc3 d5 4. cxd5 Nxd5 5. d4 Nxc3 6. bxc3 cxd4 7.
cxd4 g6 8. e4 Bg7 9. Rb1 O-O 10. Be2 b6 11. O-O Bb7 12. Qd3 Ba6 13. Qe3 Bxe2
14. Qxe2 Bxd4 15. Rd1 Nc6 16. Bh6 Re8 17. Qc4 1-0